[Event "ICCopen2017"]
[Site "Internet Chess Club"]
[Date "2017.04.02"]
[Round "2"]
[White "arshavin2015"]
[Black "olimpus"]
[Result "0-1"]
[ICCResult "White checkmated"]
[WhiteElo "1981"]
[BlackElo "2690"]
[Opening "Benko's opening"]
[ECO "A00"]
[NIC "VO.09"]
[Time "19:16:18"]
[TimeControl "180+0"]

1. g3 d5 2. Bg2 Nf6 3. c4 d4 4. d3 Nc6 5. Nf3 e5 6. a3 a5 7. O-O Be7 8. e3
O-O 9. exd4 exd4 10. Bg5 Nd7 11. Bxe7 Qxe7 12. Re1 Qd8 13. Nbd2 Nc5 14. Nb3
Na6 15. Ne5 Nxe5 16. Rxe5 a4 17. Rd5 Qf6 18. Nd2 c6 19. Ne4 Qe7 20. Rh5 f5
21. Ng5 g6 22. Nxh7 Rf7 23. Ng5 Rg7 24. Rh4 Qxg5 25. Rxd4 Nc5 26. f4 Qf6 27.
Rd5 cxd5 28. Bxd5+ Be6 29. Qf3 Qd4+ 30. Kg2 Bxd5 31. cxd5 Re8 32. Rc1 Nxd3
33. Rd1 Ne1+ 34. Rxe1 Rxe1 35. d6 Rg1+ 36. Kh3 Rh7+ 37. Qh5 Rxh5#
{White checkmated}
0-1

[Event "ICCopen2017"]
[Site "Internet Chess Club"]
[Date "2017.04.02"]
[Round "2"]
[White "Last7Samurai"]
[Black "LevAbramovich"]
[Result "1-0"]
[ICCResult "Black resigns"]
[WhiteElo "2682"]
[BlackElo "2019"]
[Opening "Ruy Lopez: closed, Flohr-Zaitsev system (Lenzerheide variation)"]
[ECO "C92"]
[NIC "RL.26"]
[Time "19:16:22"]
[TimeControl "180+0"]

1. e4 e5 2. Nf3 Nc6 3. Bb5 a6 4. Ba4 Nf6 5. O-O Be7 6. Re1 b5 7. Bb3 d6 8.
c3 O-O 9. h3 Bb7 10. d4 Re8 11. Nbd2 Bf8 12. a3 g6 13. Ba2 Bg7 14. b4 exd4
15. cxd4 a5 16. Ng5 Re7 17. Ndf3 axb4 18. Nxf7 Rxf7 19. Ng5 d5 20. Nxf7 Kxf7
21. e5 Ne8 22. Qf3+ Ke6 23. Bg5 Ne7 24. axb4 h6 25. Bf6 Kf7 26. Bh4+ Kg8 27.
Bxe7 Qxe7 28. Bxd5+ {Black resigns} 1-0

[Event "ICCopen2017"]
[Site "Internet Chess Club"]
[Date "2017.04.02"]
[Round "2"]
[White "BeerMeUpScotty"]
[Black "Cramagica"]
[Result "1-0"]
[ICCResult "Black checkmated"]
[WhiteElo "1631"]
[BlackElo "1107"]
[Opening "Sicilian: Najdorf, Lipnitzky attack"]
[ECO "B86"]
[NIC "SI.13"]
[Time "19:15:55"]
[TimeControl "180+0"]

1. e4 c5 2. Nf3 d6 3. d4 cxd4 4. Nxd4 Nf6 5. Nc3 a6 6. Bc4 e6 7. Bb3 Nbd7 8.
f3 Be7 9. Be3 b5 10. Qd2 Bb7 11. g4 Nc5 12. h4 Nxb3 13. axb3 h6 14. O-O-O
Rc8 15. Kb1 d5 16. g5 hxg5 17. hxg5 Rxh1 18. Rxh1 Ng8 19. Rh8 Kf8 20. g6
fxg6 21. Nxe6+ Kf7 22. Nxd8+ Rxd8 23. Nxd5 Nf6 24. Rxd8 Bxd8 25. Nxf6 Bxf6
26. Qd7+ Kg8 27. Qxb7 Kh7 28. Qxa6 b4 29. Qc4 g5 30. Qxb4 g4 31. fxg4 Bh4
32. Qd4 g5 33. b4 Bg3 34. b5 Kh6 35. e5 Kg6 36. Qe4+ Kg7 37. Bxg5 Kh8 38. b6
Bxe5 39. Qxe5+ Kg8 40. b7 Kf8 41. b8=Q+ Kf7 42. Qb7+ Kg6 43. Qb6+ Kh7 44.
Qe7+ Kh8 45. Qbd8# {Black checkmated} 1-0

[Event "ICCopen2017"]
[Site "Internet Chess Club"]
[Date "2017.04.02"]
[Round "2"]
[White "MisticKnights13"]
[Black "fernandomata"]
[Result "0-1"]
[ICCResult "White checkmated"]
[WhiteElo "1538"]
[BlackElo "1822"]
[Opening "QGD: 4.Nf3"]
[ECO "D37"]
[NIC "QO.16"]
[Time "19:16:34"]
[TimeControl "180+0"]

1. c4 e6 2. Nc3 d5 3. d4 Nf6 4. Nf3 Be7 5. e3 O-O 6. Bd3 dxc4 7. Bxc4 b6 8.
O-O Bb7 9. Qc2 c5 10. Rd1 Nbd7 11. dxc5 bxc5 12. Ne5 Qc7 13. Nxd7 Nxd7 14.
Nb5 Qc6 15. f3 a6 16. Nc3 Ne5 17. Be2 Rfd8 18. Rxd8+ Rxd8 19. b3 Bd6 20. Ba3
Ng4 21. Qc1 Bxh2+ 22. Kh1 Bg3 23. Ne4 Nf2+ 24. Nxf2 Bxf2 25. Qxc5 Qxc5 26.
Bxc5 Rd5 27. b4 Rh5# {White checkmated} 0-1

[Event "ICCopen2017"]
[Site "Internet Chess Club"]
[Date "2017.04.02"]
[Round "2"]
[White "tigerr"]
[Black "Revolutions"]
[Result "1-0"]
[ICCResult "Black checkmated"]
[WhiteElo "2269"]
[BlackElo "1829"]
[Opening "Sicilian defense"]
[ECO "B40"]
[NIC "SI.43"]
[Time "19:16:43"]
[TimeControl "180+0"]

1. e4 c5 2. Nf3 e6 3. d3 d5 4. e5 Nc6 5. g3 Nge7 6. Bg2 Ng6 7. O-O Be7 8.
Re1 O-O 9. h4 Re8 10. Nbd2 b6 11. Nf1 Bb7 12. h5 Nf8 13. h6 Ng6 14. N1h2 c4
15. Ng4 cxd3 16. cxd3 Rc8 17. hxg7 Kxg7 18. Bh6+ Kg8 19. a3 Qc7 20. Qd2 Na5
21. Bg5 Nb3 22. Qe2 Nxa1 23. Bxe7 Rxe7 24. Nf6+ Kg7 25. Rxa1 d4 26. Re1 Bxf3
27. Qxf3 Nxe5 28. Nh5+ Kg8 29. Qf6 Nxd3 30. Qg7# {Black checkmated} 1-0

[Event "ICCopen2017"]
[Site "Internet Chess Club"]
[Date "2017.04.02"]
[Round "2"]
[White "ChessIncognito"]
[Black "jbow79"]
[Result "1-0"]
[ICCResult "Black forfeits on time"]
[WhiteElo "1609"]
[BlackElo "930"]
[Opening "Scandinavian (center counter) defense"]
[ECO "B01"]
[NIC "VO.17"]
[Time "19:15:35"]
[TimeControl "180+0"]

1. e4 d5 2. exd5 Qxd5 3. Nf3 Qd8 4. d4 Nf6 5. Be2 Bg4 6. Be3 c6 7. O-O Bxf3
8. Bxf3 e6 9. c4 Be7 10. Nc3 O-O 11. Qc2 Na6 12. a3 Nc7 13. Rad1 Bd6 14. g3
Qe7 15. Ne4 Nxe4 16. Bxe4 Na6 17. Bxh7+ Kh8 18. Bd3 Rad8 19. b4 Bc7 20. c5
Rd5 21. Bc4 Rh5 22. Rfe1 g6 23. Bd2 Kg7 24. Bc3 f6 25. d5 e5 26. d6 Bxd6 27.
Rxd6 Rfh8 28. f4 {Black forfeits on time} 1-0

[Event "ICCopen2017"]
[Site "Internet Chess Club"]
[Date "2017.04.02"]
[Round "2"]
[White "Vogel"]
[Black "SPARNALIQ"]
[Result "0-1"]
[ICCResult "White resigns"]
[WhiteElo "2164"]
[BlackElo "3031"]
[Opening "Scandinavian (center counter) defense"]
[ECO "B01"]
[NIC "SD.01"]
[Time "19:16:02"]
[TimeControl "180+0"]

1. e4 d5 2. exd5 Qxd5 3. Nc3 Qa5 4. Nf3 c6 5. Bc4 Bf5 6. d4 e6 7. Qe2 Nf6 8.
Bd2 Bb4 9. O-O-O O-O 10. Kb1 b5 11. Bb3 Qd8 12. h3 a5 13. a3 a4 14. Ba2 Be7
15. g4 Bg6 16. Ne5 b4 17. axb4 a3 18. Bc1 axb2 19. Bxb2 Bxb4 20. Nxg6 hxg6
21. Bb3 Nd5 22. Ne4 Qa5 23. c4 Nc3+ 24. Nxc3 Bxc3 25. Bxc3 Qxc3 26. Qb2 Qa5
27. Kc2 Na6 28. Qc3 Nb4+ 29. Kd2 Qg5+ 30. Qe3 Qe7 31. Ke2 Rfd8 32. Rhe1 Ra3
33. Qc3 Rb8 34. Rb1 Qf6 35. Kf1 c5 36. Red1 Nc6 37. Rd3 Nxd4 38. Rxd4 cxd4
39. Qd3 e5 40. f3 e4 41. Qxe4 Rbxb3 42. Rxb3 Rxb3 43. c5 Rxf3+ 44. Ke2 Re3+
45. Kd2 Rxe4 {White resigns} 0-1

[Event "ICCopen2017"]
[Site "Internet Chess Club"]
[Date "2017.04.02"]
[Round "2"]
[White "kabindra"]
[Black "Rluis"]
[Result "0-1"]
[ICCResult "White checkmated"]
[WhiteElo "1575"]
[BlackElo "1205"]
[Opening "Sicilian: Smith-Morra gambit"]
[ECO "B21"]
[NIC "SI.48"]
[Time "19:15:47"]
[TimeControl "180+0"]

1. e4 c5 2. d4 cxd4 3. c3 dxc3 4. Nxc3 Nc6 5. Nf3 e6 6. Bf4 Nf6 7. Nb5 e5 8.
Bg5 a6 9. Nd6+ Bxd6 10. Qxd6 Qa5+ 11. Nd2 Nxe4 12. Be3 Nxd6 13. Be2 O-O 14.
O-O Nd4 15. Bd3 f5 16. Bxd4 exd4 17. Nb3 Qd8 18. Nxd4 Qf6 19. Nf3 b5 20.
Rad1 Bb7 21. h4 Ne4 22. Bc2 d5 23. Nd4 Rac8 24. f3 Ng3 25. Rfe1 Qxh4 26. Ne6
Qh1+ 27. Kf2 Rxc2+ 28. Kxg3 Qxg2+ 29. Kf4 Qh2+ 30. Ke3 f4+ 31. Kd3 Rxb2 32.
Nxf8 Kxf8 33. Re6 Qc2+ 34. Kd4 Qf2+ 35. Ke5 Re2+ 36. Kd6 Qb6+ 37. Kd7 Qxe6+
38. Kc7 Qc6+ 39. Kd8 Re8# {White checkmated} 0-1

[Event "ICCopen2017"]
[Site "Internet Chess Club"]
[Date "2017.04.02"]
[Round "2"]
[White "Seraphim"]
[Black "Machinegun"]
[Result "0-1"]
[ICCResult "White resigns"]
[WhiteElo "1839"]
[BlackElo "2373"]
[Opening "Sicilian: Nimzovich-Rossolimo attack (without ...d6)"]
[ECO "B30"]
[NIC "SI.31"]
[Time "19:15:17"]
[TimeControl "180+0"]

1. e4 c5 2. Nf3 Nc6 3. Bb5 Na5 4. O-O a6 5. Be2 d5 6. exd5 Qxd5 7. Nc3 Qd6
8. d3 Nf6 9. Re1 Bg4 10. h3 Bh5 11. Bg5 Nc6 12. Bh4 e6 13. Bg3 Qd8 14. Ne5
Bxe2 15. Qxe2 Nd4 16. Qd2 Bd6 17. Ne2 Nf5 18. Bh2 Qc7 19. f4 O-O 20. Nc3
Rad8 21. Kh1 b5 22. Qf2 c4 23. d4 Bb4 24. Red1 Bxc3 25. bxc3 Ne4 26. Qf3 Nf6
27. g4 Nh4 28. Qf2 Qb7+ 29. Kg1 Ng6 30. Re1 Nd5 31. Qf3 Nxe5 32. fxe5 Qb6
33. Rf1 b4 34. cxb4 Qxd4+ 35. Qf2 Qc3 36. a3 Qxh3 {White resigns} 0-1

[Event "ICCopen2017"]
[Site "Internet Chess Club"]
[Date "2017.04.02"]
[Round "2"]
[White "DaGame"]
[Black "CristianS"]
[Result "1-0"]
[ICCResult "Black resigns"]
[WhiteElo "2713"]
[BlackElo "2080"]
[Opening "Réti: King's Indian attack"]
[ECO "A05"]
[NIC "QP.11"]
[Time "19:16:21"]
[TimeControl "180+0"]

1. Nf3 Nf6 2. g3 g6 3. Bg2 Bg7 4. d4 O-O 5. O-O d6 6. b3 c5 7. c4 cxd4 8.
Nxd4 a6 9. Bb2 Qa5 10. Nc3 Qh5 11. e4 Bg4 12. f3 Bh3 13. Nde2 Bxg2 14. Kxg2
Nc6 15. Qd2 Qa5 16. Rad1 b5 17. Nd5 Qxd2 18. Rxd2 Nxd5 19. cxd5 Nb4 20. Bxg7
Kxg7 21. a3 {Black resigns} 1-0

[Event "ICCopen2017"]
[Site "Internet Chess Club"]
[Date "2017.04.02"]
[Round "2"]
[White "Sam08"]
[Black "findles"]
[Result "1-0"]
[ICCResult "Black resigns"]
[WhiteElo "2434"]
[BlackElo "1900"]
[Opening "Sicilian: dragon, Yugoslav attack, 10.O-O-O"]
[ECO "B78"]
[NIC "SI.18"]
[Time "19:15:52"]
[TimeControl "180+0"]

1. e4 c5 2. Nf3 d6 3. d4 cxd4 4. Nxd4 Nf6 5. Nc3 g6 6. Be3 Bg7 7. f3 Nc6 8.
Qd2 O-O 9. Bc4 Bd7 10. O-O-O Rc8 11. Bb3 Nxd4 12. Bxd4 b5 13. Nd5 Nxd5 14.
Bxg7 Kxg7 15. exd5 a5 16. a3 Kg8 17. h4 b4 18. axb4 axb4 19. Qd4 Bf5 20. Kd2
h5 21. g4 hxg4 22. fxg4 Bd7 23. g5 Qc7 24. h5 Qc5 25. Ke3 Bf5 26. Rd2 Qxd4+
27. Kxd4 gxh5 28. Rxh5 Bg6 29. Rh3 Kg7 30. Re3 Rc7 31. Rde2 Rfc8 32. Rxe7
Bxc2 33. Rxc7 {Black resigns} 1-0

[Event "ICCopen2017"]
[Site "Internet Chess Club"]
[Date "2017.04.02"]
[Round "2"]
[White "ALexiz"]
[Black "ElTopo"]
[Result "1-0"]
[ICCResult "Black resigns"]
[WhiteElo "1744"]
[BlackElo "1342"]
[Opening "King's Indian: London system"]
[ECO "A45"]
[NIC "QP.03"]
[Time "19:15:50"]
[TimeControl "180+0"]

1. d4 Nf6 2. Bf4 g6 3. Nf3 Bg7 4. e3 O-O 5. Be2 d6 6. h3 Nbd7 7. O-O Re8 8.
Bh2 e5 9. c3 e4 10. Ne1 d5 11. b4 Nh5 12. Bxh5 gxh5 13. Qxh5 Nf6 14. Qh4 Bf5
15. Nc2 Bg6 16. Nd2 Qd7 17. Be5 Rxe5 18. dxe5 Nh5 19. g4 Bxe5 20. gxh5 Bf5
21. Qg5+ Kh8 22. Qh6 Rg8+ 23. Kh1 Bxh3 24. Rg1 Bg2+ 25. Rxg2 Rxg2 26. Kxg2
Qg4+ 27. Kf1 Qh3+ 28. Ke2 Qg4+ 29. Ke1 Qg1+ 30. Ke2 Qg4+ 31. f3 exf3+ 32.
Kd3 f2 33. Qf8+ Qg8 34. Qxg8+ Kxg8 35. Rf1 Bg3 36. Nd4 {Black resigns} 1-0

[Event "ICCopen2017"]
[Site "Internet Chess Club"]
[Date "2017.04.02"]
[Round "2"]
[White "trianon"]
[Black "MrNobody84"]
[Result "1-0"]
[ICCResult "Black forfeits on time"]
[WhiteElo "2081"]
[BlackElo "1611"]
[Opening "English opening"]
[ECO "A05"]
[NIC "QP.11"]
[Time "19:16:07"]
[TimeControl "180+0"]

1. Nf3 Nf6 2. c4 d5 3. cxd5 Nxd5 4. d4 g6 5. e4 Nb6 6. Nc3 Bg7 7. Be3 O-O 8.
Be2 Na6 9. h3 c6 10. O-O Nc7 11. Qd2 Be6 12. b3 Qe8 13. Rad1 Rd8 14. Qc1 Bc8
15. Bh6 e5 16. Bxg7 Kxg7 17. Nxe5 c5 18. Nf3 cxd4 19. Nxd4 Qe5 20. Qe3 Rfe8
21. Nf3 Qa5 22. Rxd8 Rxd8 23. Rd1 Ne6 24. Rxd8 Nxd8 25. Qd4+
{Black forfeits on time}
1-0

[Event "ICCopen2017"]
[Site "Internet Chess Club"]
[Date "2017.04.02"]
[Round "2"]
[White "TerryR"]
[Black "simplerxiao"]
[Result "1-0"]
[ICCResult "Black resigns"]
[WhiteElo "2582"]
[BlackElo "1977"]
[Opening "Queen's pawn game"]
[ECO "E10"]
[NIC "QI.01"]
[Time "19:16:34"]
[TimeControl "180+0"]

1. d4 Nf6 2. Nf3 e6 3. c4 d5 4. e3 c5 5. dxc5 Bxc5 6. a3 O-O 7. b4 Bd6 8.
Bb2 Nc6 9. Nbd2 Re8 10. Bd3 e5 11. cxd5 Nxd5 12. O-O a6 13. Rc1 Bg4 14. h3
Bh5 15. Ne4 Bf8 16. Ng3 Bg6 17. Bxg6 hxg6 18. Qb3 e4 19. Rfd1 exf3 20. Rxd5
Qh4 21. Rc4 Qh6 22. Rf4 fxg2 23. Rd7 Re6 24. Rfxf7 Qxh3 25. Bxg7 Be7 26.
Rfxe7 Nxe7 27. Rxe7 Kh7 28. Qxe6 Qxe6 29. Rxe6 Kxg7 30. Re7+ Kf6 31. Rxb7 a5
32. Kxg2 axb4 33. axb4 {Black resigns} 1-0

[Event "ICCopen2017"]
[Site "Internet Chess Club"]
[Date "2017.04.02"]
[Round "2"]
[White "blackjack721"]
[Black "Ecalevol123"]
[Result "0-1"]
[ICCResult "White forfeits on time"]
[WhiteElo "1301"]
[BlackElo "1673"]
[Opening "Bishop's opening: Berlin defense"]
[ECO "C24"]
[NIC "IG.04"]
[Time "19:15:44"]
[TimeControl "180+0"]

1. e4 e5 2. Bc4 Nf6 3. d3 c6 4. c3 d5 5. exd5 cxd5 6. Bb3 Nc6 7. a4 Bc5 8.
a5 Nxa5 9. Ba4+ Nc6 10. b4 Bd6 11. Ba3 O-O 12. Nd2 Bf5 13. Ndf3 a6 14. Ne2
b5 15. Bb3 Rc8 16. Rc1 e4 17. dxe4 dxe4 18. Nfd4 Nxd4 19. cxd4 Rxc1 20. Qxc1
Qe7 21. O-O Bxb4 22. Bxb4 Qxb4 23. Qe3 a5 24. Rc1 a4 25. Bc2 Rc8 26. Ng3 Bg6
27. h4 h5 28. Kh2 Ng4+ 29. Kh3 Nxe3 30. fxe3 f5 31. Rb1 Qa5 32. Bd1 b4 33.
Nxh5 Bxh5 34. Bxh5 b3 35. Bg6 Qb5 36. Rg1 b2 37. g4 b1=Q 38. Rxb1 Qxb1 39.
gxf5 Qd3 40. Kg4 Qxe3 41. h5 Qxd4 42. Kg5 e3 43. h6 Qf6+ 44. Kh5 e2 45. h7+
Kh8 46. Kg4 e1=Q {White forfeits on time} 0-1

[Event "ICCopen2017"]
[Site "Internet Chess Club"]
[Date "2017.04.02"]
[Round "2"]
[White "fredx"]
[Black "croder"]
[Result "0-1"]
[ICCResult "White forfeits on time"]
[WhiteElo "1028"]
[BlackElo "1593"]
[Opening "Old Indian defense"]
[ECO "A42"]
[NIC "OI.07"]
[Time "19:16:28"]
[TimeControl "180+0"]

1. c4 d6 2. d4 e6 3. Nf3 c6 4. Nc3 Nf6 5. Bg5 Be7 6. e3 O-O 7. Be2 Nbd7 8.
O-O Re8 9. d5 e5 10. dxc6 bxc6 11. Nd2 Nf8 12. Nde4 Nxe4 13. Bxe7 Nxc3 14.
bxc3 Qxe7 15. Bd3 Ng6 16. Qc2 Be6 17. Be4 d5 18. cxd5 cxd5 19. Bf3 e4 20.
Be2 Rec8 21. Qb2 Qc5 22. Rac1 Ne5 23. a4 Nd3 24. Bxd3 exd3 25. Qd2 Bf5 26.
f3 Qa3 27. Kh1 Rab8 28. e4 dxe4 29. fxe4 Bxe4 {White forfeits on time} 0-1

[Event "ICCopen2017"]
[Site "Internet Chess Club"]
[Date "2017.04.02"]
[Round "2"]
[White "dashingfox"]
[Black "chavo"]
[Result "1-0"]
[ICCResult "Black checkmated"]
[WhiteElo "1884"]
[BlackElo "2350"]
[Opening "Ruy Lopez: 5.O-O"]
[ECO "C78"]
[NIC "RL.12"]
[Time "19:15:31"]
[TimeControl "180+0"]

1. e4 e5 2. Nf3 Nc6 3. Bb5 a6 4. Ba4 Nf6 5. O-O b5 6. Bb3 Bc5 7. d3 d6 8. c3
O-O 9. h3 h6 10. Re1 Bb6 11. Nbd2 Nh5 12. Nf1 Qf6 13. Ne3 Nf4 14. Nd5 Nxd5
15. Bxd5 Bb7 16. Qe2 Rab8 17. a4 Ne7 18. Bxb7 Rxb7 19. axb5 axb5 20. Nh2 Ng6
21. Ng4 Qh4 22. Qf3 Rbb8 23. Ne3 Bxe3 24. Bxe3 Ne7 25. Ra7 Rbc8 26. Rea1 f5
27. exf5 Nxf5 28. Qe2 Nxe3 29. Qxe3 Rf7 30. Rb7 Rcf8 31. Rf1 Qh5 32. Rxb5
Qg6 33. Kh2 Rf5 34. Qe2 Rg5 35. f3 Kh8 36. d4 Re8 37. d5 e4 38. fxe4 Rxe4
39. Qf3 Kh7 40. Rb8 Re8 41. Rxe8 Qxe8 42. Qd3+ Kh8 43. h4 Qe5+ 44. g3 Rg4
45. Rf8# {Black checkmated} 1-0

[Event "ICCopen2017"]
[Site "Internet Chess Club"]
[Date "2017.04.02"]
[Round "2"]
[White "Kjaan1974"]
[Black "carpedef"]
[Result "0-1"]
[ICCResult "White resigns"]
[WhiteElo "1511"]
[BlackElo "1788"]
[Opening "Sicilian defense"]
[ECO "B40"]
[NIC "SI.43"]
[Time "19:15:28"]
[TimeControl "180+0"]

1. e4 c5 2. Nf3 e6 3. h3 a6 4. d3 b5 5. Be3 Bb7 6. Be2 Nf6 7. c3 d5 8. e5
Nfd7 9. d4 Nc6 10. O-O Be7 11. a4 b4 12. Nbd2 bxc3 13. bxc3 cxd4 14. cxd4
O-O 15. Nb3 Nb4 16. Bd2 Rc8 17. Bxb4 Bxb4 18. Rc1 a5 19. Rxc8 Qxc8 20. Qd3
Qb8 21. Rc1 Rc8 22. Nc5 Nxc5 23. dxc5 Bc6 24. Nd4 Bxa4 25. Qg3 Rxc5 26. Rxc5
Bxc5 27. Nf3 h6 28. Kh2 Qb2 29. Ng1 Bc6 30. Qh4 Qb8 31. Nf3 a4 32. Nd4 Be8
33. Nc2 a3 34. Na1 Qxe5+ 35. g3 Qxa1 36. Qd8 a2 37. Qxe8+ Bf8 38. Bh5 Qf6
39. Bxf7+ Qxf7 {White resigns} 0-1

[Event "ICCopen2017"]
[Site "Internet Chess Club"]
[Date "2017.04.02"]
[Round "1"]
[White "blackhole1"]
[Black "anitak"]
[Result "1-0"]
[ICCResult "Black forfeits on time"]
[WhiteElo "1555"]
[BlackElo "2079"]
[Opening "Queen's gambit declined"]
[ECO "D30"]
[NIC "QP.08"]
[Time "19:14:41"]
[TimeControl "180+0"]

1. d4 d5 2. c4 e6 3. e3 Nf6 4. cxd5 exd5 5. Nf3 c6 6. a3 Bg4 7. b4 Nbd7 8.
Be2 Bd6 9. O-O O-O 10. Bb2 Qc7 11. Nbd2 b5 12. Rc1 a6 13. h3 Bh5 14. Nb3 Nb6
15. Nc5 Nc4 16. Bxc4 bxc4 17. g4 Bg6 18. Kg2 Be4 19. Kg1 a5 20. Ne5 axb4 21.
axb4 Ra2 22. Bc3 Rfa8 23. f3 Bg6 24. Rf2 Bxe5 25. dxe5 Nd7 26. Bd4 Nxe5 27.
Rxa2 Rxa2 28. Ra1 Rxa1 29. Bxa1 h6 30. Kg2 Nd3 31. Qa4 Qe7 32. Bd4 Qd6 33.
Qa8+ Kh7 34. Qe8 f5 35. Qd7 Ne1+ 36. Kf2 Nd3+ 37. Ke2 Qxd7 38. Nxd7 Nxb4 39.
Ne5 fxg4 40. hxg4 Bd3+ 41. Kd2 Nc2 42. Bc3 Na3 43. Nxc6 Nb5 44. Be5 Bg6 45.
Ne7 h5 46. Nxg6 Kxg6 47. gxh5+ {Black forfeits on time} 1-0

[Event "ICCopen2017"]
[Site "Internet Chess Club"]
[Date "2017.04.02"]
[Round "2"]
[White "RWu"]
[Black "sovereignpower"]
[Result "1-0"]
[ICCResult "Black forfeits on time"]
[WhiteElo "1710"]
[BlackElo "1304"]
[Opening "Ruy Lopez: Cozio defense"]
[ECO "C60"]
[NIC "RL.04"]
[Time "19:15:20"]
[TimeControl "180+0"]

1. e4 e5 2. Nf3 Nc6 3. Bb5 Nge7 4. O-O g6 5. c3 Bg7 6. d4 exd4 7. cxd4 d5 8.
exd5 Nxd5 9. Re1+ Be6 10. Bg5 Qd6 11. Ne5 O-O 12. Nxc6 bxc6 13. Bf1 h6 14.
Bh4 Qb4 15. Bd3 Qxb2 16. Nd2 Qxd4 17. Nf3 Qg4 18. h3 Qb4 19. Bxg6 Nf4 20.
Re4 Nxh3+ 21. gxh3 Qa5 22. Rc1 Bxh3 23. Kh2 Be6 24. Qe2 fxg6 25. Rxe6 g5 26.
Bg3 {Black forfeits on time} 1-0

[Event "ICCopen2017"]
[Site "Internet Chess Club"]
[Date "2017.04.02"]
[Round "2"]
[White "Mandragora"]
[Black "iliketal"]
[Result "1-0"]
[ICCResult "Black forfeits on time"]
[WhiteElo "1552"]
[BlackElo "1767"]
[Opening "Sicilian defense"]
[ECO "B33"]
[NIC "SI.32"]
[Time "19:15:33"]
[TimeControl "180+0"]

1. e4 c5 2. Nf3 Nc6 3. d4 cxd4 4. Nxd4 Nf6 5. Nxc6 bxc6 6. c4 e5 7. Nc3 Bb4
8. Bd3 d5 9. exd5 cxd5 10. cxd5 Qxd5 11. Qa4+ Bd7 12. Qxb4 Qxd3 13. Be3 a5
14. Qa3 Bg4 15. h3 Be6 16. Rd1 Qa6 17. Bc5 Rd8 18. Rxd8+ Kxd8 19. Kd2 Kc7
20. Kc1 Bf5 21. Rd1 Rc8 22. g4 Bg6 23. g5 Nh5 24. Rd6 Qf1+ 25. Rd1 Qa6 26.
Qa4 Kb8 27. b3 Rxc5 28. Rd8+ {Black forfeits on time} 1-0

[Event "ICCopen2017"]
[Site "Internet Chess Club"]
[Date "2017.04.02"]
[Round "2"]
[White "lsokol"]
[Black "Jesus"]
[Result "0-1"]
[ICCResult "White resigns"]
[WhiteElo "2339"]
[BlackElo "1890"]
[Opening "Old Benoni: Schmid's system"]
[ECO "A43"]
[NIC "OI.09"]
[Time "19:15:34"]
[TimeControl "180+0"]

1. d4 c5 2. d5 d6 3. Nc3 g6 4. e4 Bg7 5. Bb5+ Nd7 6. a4 Nf6 7. Nf3 O-O 8.
O-O Ng4 9. Bf4 a6 10. Be2 Nge5 11. Nd2 Rb8 12. Bg3 Nf6 13. h3 Ned7 14. f4 b5
15. axb5 axb5 16. Bxb5 Qb6 17. Nc4 Qd8 18. Nd2 Nh5 19. Bxd7 Bxd7 20. Bh2
Rxb2 21. Rf3 Bd4+ 22. Kh1 e5 23. dxe6 fxe6 24. Ne2 Bg7 25. Nc4 Rb4 26. Nxd6
Bxa1 27. Qxa1 Bc6 28. Qe5 Rb1+ 29. Bg1 Ng7 30. Kh2 Rd1 31. Bxc5 Qh4 32. Bd4
Qh6 33. Nc3 Rd2 34. Qc5 Ba8 35. Nc8 Nh5 36. Ne7+ Kf7 37. Be5 Rfd8 38. Nb5
Bxe4 39. Nc6 R8d7 40. Nbd4 Bxf3 41. Nxf3 Nxf4 42. Ne1 Qxh3+ 43. Kg1 Rxg2+
{White resigns}
0-1

[Event "ICCopen2017"]
[Site "Internet Chess Club"]
[Date "2017.04.02"]
[Round "2"]
[White "jabulina"]
[Black "Almutairih"]
[Result "1-0"]
[ICCResult "Black forfeits on time"]
[WhiteElo "1723"]
[BlackElo "1310"]
[Opening "Robatsch (modern) defense"]
[ECO "B06"]
[NIC "KF.05"]
[Time "19:15:38"]
[TimeControl "180+0"]

1. e4 g6 2. d4 Bg7 3. Be3 c5 4. c3 d5 5. e5 Nc6 6. f4 Nh6 7. Nf3 Nf5 8. Bf2
Qb6 9. Qb3 c4 10. Qxb6 axb6 11. g4 Nh6 12. h3 b5 13. Na3 Na7 14. b3 f5 15.
g5 Nf7 16. bxc4 bxc4 17. h4 Bd7 18. h5 e6 19. hxg6 hxg6 20. Rxh8+ Nxh8 21.
Rb1 Bc6 22. Nc2 Nb5 23. Kd2 Rxa2 24. Be2 Na3 25. Rc1 Ba4 26. Bd1 b5 27. Ra1
Rxa1 28. Nxa1 Bxd1 29. Kxd1 Bf8 30. Nd2 Nf7 31. Be3 Kd7 32. Nf3 Kc6 33. Bc1
b4 34. cxb4 Bxb4 35. Bxa3 Bxa3 36. Nc2 {Black forfeits on time} 1-0

[Event "ICCopen2017"]
[Site "Internet Chess Club"]
[Date "2017.04.02"]
[Round "2"]
[White "shirovinster"]
[Black "Zloy17"]
[Result "0-1"]
[ICCResult "White resigns"]
[WhiteElo "1741"]
[BlackElo "1723"]
[Opening "English, Kramnik-Shirov counterattack"]
[ECO "A21"]
[NIC "EO.23"]
[Time "19:16:17"]
[TimeControl "180+0"]

1. c4 e5 2. Nc3 Bb4 3. Nd5 a5 4. Nxb4 axb4 5. g3 Nc6 6. Bg2 Nf6 7. Nf3 O-O
8. O-O d6 9. d4 e4 10. Ne1 h6 11. Nc2 Re8 12. Bd2 Bg4 13. Bxb4 Qd7 14. Bc3
Bh3 15. Ne3 Bxg2 16. Nxg2 d5 17. cxd5 Nxd5 18. Ne3 Rad8 19. Nxd5 Qxd5 20. e3
Qd7 21. Kg2 Ne7 22. Qb3 c6 23. Rad1 Nd5 24. Bb4 h5 25. h3 h4 26. Be1 Qf5 27.
Kg1 Qxh3 28. Qc2 hxg3 29. fxg3 Qxf1+ 30. Kxf1 Nxe3+ 31. Ke2 Nxc2 32. Bc3 e3
33. Kd3 e2 34. Rc1 e1=Q 35. Bxe1 Nxe1+ 36. Kd2 Rxd4+ {White resigns} 0-1

[Event "ICCopen2017"]
[Site "Internet Chess Club"]
[Date "2017.04.02"]
[Round "2"]
[White "drarc"]
[Black "samank"]
[Result "0-1"]
[ICCResult "White checkmated"]
[WhiteElo "1625"]
[BlackElo "1382"]
[Opening "Richter-Veresov attack"]
[ECO "C11"]
[NIC "FR.05"]
[Time "19:15:49"]
[TimeControl "180+0"]

1. d4 d5 2. Nc3 Nf6 3. Bg5 e6 4. e4 c6 5. Qd2 h6 6. Bxf6 Qxf6 7. e5 Qd8 8.
f4 Bb4 9. a3 Ba5 10. Nf3 Nd7 11. Bd3 O-O 12. b4 Bc7 13. O-O b6 14. Kh1 c5
15. Nb5 cxd4 16. Nbxd4 Bb7 17. g4 Rc8 18. Qg2 f6 19. Nxe6 Qe7 20. Nxf8 Rxf8
21. e6 Nb8 22. Nd4 Nc6 23. c3 Nxd4 24. cxd4 Qxe6 25. Rae1 Qf7 26. Qc2 g5 27.
fxg5 hxg5 28. Bg6 Qg7 29. Qf5 Bc8 30. Qxd5+ Kh8 31. Bf5 Bxf5 32. Rxf5 Qh7
33. Qe6 Qxh2# {White checkmated} 0-1

[Event "ICCopen2017"]
[Site "Internet Chess Club"]
[Date "2017.04.02"]
[Round "2"]
[White "Bojack"]
[Black "isodung"]
[Result "1-0"]
[ICCResult "Black checkmated"]
[WhiteElo "2159"]
[BlackElo "2883"]
[Opening "Caro-Kann defense"]
[ECO "B12"]
[NIC "CK.01"]
[Time "19:15:33"]
[TimeControl "180+0"]

1. e4 c6 2. d4 g6 3. Nc3 Bg7 4. Nf3 d5 5. h3 dxe4 6. Nxe4 Nf6 7. Nxf6+ exf6
8. Bd3 O-O 9. O-O Na6 10. c3 Nc7 11. Re1 Ne6 12. Be3 Re8 13. Qd2 b6 14. Bh6
Bb7 15. Bxg7 Kxg7 16. Bc4 Qd7 17. Re2 Nc7 18. Rae1 b5 19. Bb3 a5 20. a3 a4
21. Ba2 Nd5 22. Rxe8 Rxe8 23. Rxe8 Qxe8 24. Bxd5 cxd5 25. Qe1 Qd7 26. Qe3
Qc7 27. Ne1 Bc8 28. Nd3 Qc4 29. Nc5 Bf5 30. g4 Bb1 31. Qe7 g5 32. Ne6+ Kg6
33. Qe8 f5 34. Nc5 fxg4 35. hxg4 Be4 36. Qg8+ Kf6 37. Qh8+ Kg6 38. Nd7 Qc6
39. Ne5+ Kh6 40. Nxc6 Kg6 41. Ne5+ Kh6 42. Qf6+ Bg6 43. Nxf7# {Black
checkmated} 1-0